Unix NetHack Version 5.0.0-0 post-release - last build May 17 2026 04:57:42 (dc50c8380fa5e20985bfe3072449f57b8d9895ef,branch:main).

Game began 2026-05-18 15:32:36, ended 2026-05-18 16:41:08.

GdeVolpiano, lawful female dwarven Cavewoman

                ---
               --.---
               |....---
               |......---
               |........|
               --..  .).--
                |....*...|
                |-.......--
                |.........--
                --.|.......----
                 ----.|.......|
             e ---  ----.|....-
               .^|.    ---.--..
               ^....---....---.
                .@i..<......
                ..--..-.--
                   |..
                    ---

GdeVolpiano the Wanderer  St:25 Dx:11 Co:18 In:10 Wi:5 Ch:6  Lawful
Dlvl:9  $:0  HP:0(73) Pw:11(11) AC:-14 Xp:8 T:7585 

Latest messages:
 The quasit hits!
 The quasit hits again!
 The quasit bites!
 The quasit hits!
 The quasit misses!
 The quasit misses!
 The quasit hits!
 The quasit misses!
 The quasit misses!
 The quasit hits!
 The quasit hits again!
 The quasit bites!
 The quasit hits!
 The quasit hits again!
 The quasit misses!
 The quasit hits!
 The quasit hits again!
 The quasit's sting was poisoned!
 The quasit bites!
 The quasit misses!
 The quasit just misses!
 The quasit misses!
 The quasit misses!
 The quasit misses!
 The quasit bites!
 The quasit misses!
 The quasit hits!
 The quasit just misses!
 The quasit hits!
 The quasit hits again!
 The quasit misses!
 The quasit hits!
 The quasit misses!
 The quasit bites!
 The quasit misses!
 The quasit misses!
 The quasit just misses!
 The quasit misses!
 The quasit hits!
 The quasit bites!
 The quasit misses!
 The quasit hits!
 The quasit's sting was poisoned!
 You hear the howling of the CwnAnnwn...
 The quasit misses!
 The quasit hits!
 The quasit misses!
 The quasit bites!
 You die...
 Do you want your possessions identified? [ynq] (y)

Inventory:
 Weapons  (')')
  Q - the +1 Demonbane (weapon in right hand)
 Armor    ('[')
  D - a blessed +2 orcish helm (being worn)
  r - an uncursed +0 pair of gauntlets of power (being worn)
  S - an uncursed +0 pair of iron shoes (being worn)
  T - a blessed +5 dwarvish cloak (being worn)
  j - a blessed greased rotproof +2 gray dragon scale mail (being worn)
 Comestibles  ('%')
  I - an uncursed partly eaten food ration
 Scrolls  ('?')
  B - a cursed scroll of light
 Tools    ('(')
  b - an uncursed bag of holding containing 16 items
  O - a magic marker (0:56)
  k - an uncursed skeleton key
  z - an uncursed towel
 Gems/Stones  ('*')
  W - an uncursed worthless piece of orange glass
  P - a cursed touchstone

Contents of the bag of holding:
  38 gold pieces
  2 uncursed carrots
  an uncursed food ration
  4 uncursed tripe rations
  an uncursed egg
  a +0 pick-axe
  2 uncursed worthless pieces of black glass
  2 uncursed worthless pieces of red glass
  4 uncursed worthless pieces of violet glass
  2 uncursed opals
  2 uncursed worthless pieces of white glass
  a cursed opal
  an uncursed chrysoberyl stone
  2 uncursed worthless pieces of yellow glass
  an uncursed worthless piece of yellowish brown glass
  2 uncursed worthless pieces of orange glass

GdeVolpiano the Cavewoman's attributes:

Background:
 You were a Wanderer, a level 8 dwarven Cavewoman.
 You were lawful, on a mission for Anu
 who was opposed by Ishtar (neutral) and Anshar (chaotic).
 You were right-handed.
 You were in the Gnomish Mines, on level 9.
 You entered the dungeon 7585 turns ago.
 There was a new moon in effect when your adventure ended.
 You had 1334 experience points, 1226 more were needed to attain level 9.

Basics:
 You had 0 out of 73 hit points.
 You had all 11 energy points (spell power).
 Your armor class was -14.
 Your wallet was empty, but
 you had 38 zorkmids stashed away in your pack.
 Autopickup was on for '$?!/="+' plus thrown, with exceptions.

Final Characteristics:
 Your strength was 25 (base:18/02, peak:18/04, innate limit:18/100).
 Your dexterity was 11 (limit:20).
 Your constitution was 18 (peak:20, limit:20).
 Your intelligence was 10 (limit:16).
 Your wisdom was 5 (limit:16).
 Your charisma was 6 (limit:16).

Final Status:
 You weren't hungry.
 You were unencumbered.
 You were wielding a mace.
 You had basic skill with mace.

Final Attributes:
 You were piously aligned.
 You were magic-protected.
 Your items were somewhat protected from fire.
 Your items were somewhat protected from cold.
 You were telepathic.
 You had infravision.
 You had a small defense bonus (+2).
 You were warded.
 You were fast.
 You are dead.

Miscellaneous:
 You encountered 1 bones level.
 Total elapsed playing time was 1 hour, 8 minutes and 30 seconds.

Major events:
 Turn
    1: GdeVolpiano the lawful dwarven Cavewoman entered the dungeon
  925: attained the rank of Aborigine (level 3)
 1298: entered the Gnomish Mines
 2399: reached Mine Town
 3015: attained the rank of Wanderer (level 6)
 5337: was bestowed with Demonbane by Anu
 5935: made her first wish - "blessed greased erodeproof +2 gray dragon scale mail", got "a greased gray dragon scale mail"
 7585: killed by a quasit, while frozen by a floating eye's gaze

Spells:
 Name                 Level Category     Fail Retention
 healing                1   healing      100%   51%-75%

Skills:
 Fighting Skills
   bare handed combat [Basic]
 Weapon Skills
   dagger             [Unskilled]
   knife              [Unskilled]
   axe                [Unskilled]
   pick-axe           [Unskilled]
   club               [Skilled]
   mace               [Basic]
   morning star       [Unskilled]
   flail              [Unskilled]
   hammer             [Unskilled]
   quarterstaff       [Unskilled]
   polearms           [Unskilled]
   spear              [Unskilled]
   trident            [Unskilled]
   bow                [Unskilled]
   sling              [Basic]
   boomerang          [Unskilled]
   unicorn horn       [Unskilled]
 Spellcasting Skills
   attack spells      [Unskilled]
   matter spells      [Unskilled]

Voluntary challenges:
 Character rerolling was not enabled.
 You never genocided any monsters.
 You never polymorphed an object.
 You never changed form.
 You used 1 wish.
 You did not wish for any artifacts.
Achievements:
 You entered a shop.
 You attained the rank of Aborigine.
 You entered the Gnomish Mines.
 You entered Minetown.
 You entered a temple.
 You attained the rank of Wanderer.

 The Dungeons of Doom: levels 1 to 7
    Level 1: "vault"
       Many fountains.
    Level 2: "vault"
       A general store, a fountain.
    Level 3:
       A general store, a fountain, a sink.
    Level 4:
       An armor shop, some sinks.
       Stairs down to The Gnomish Mines.
    Level 5:
       An altar to Anu.
    Level 6:
       Final resting place for
          ArrBianca-Arc-Dwa-Fem-Law, killed by a rothe.
    Level 7:
 The Gnomish Mines: levels 5 to 9
    Level 5:
    Level 6:
    Level 7:
    Level 8:
       Many shops, a temple and an altar, many fountains.
    Level 9: <- You were here.
       Final resting place for
          you, killed by a quasit, while frozen by a floating eye's gaze.


Vanquished creatures:
  a ghost
  a small mimic
  a wraith
  3 giant beetles
  2 leprechauns
  a black light
  a forest centaur
  a brown pudding
  a jaguar
  a blue jelly
  3 human zombies
  a fire ant
 an imp
  a water nymph
 an orc shaman
  a rock mole
  a pony
  3 yellow lights
  3 shriekers
  3 violet fungi
 an elf zombie
  a ghoul
  a straw golem
  2 paper golems
  4 giant ants
  2 little dogs
  5 floating eyes
  a kitten
  a dwarf
  2 homunculi
  a rothe
  a rabid rat
  2 giant bats
  a monkey
 an orc zombie
  a wererat
  4 iguanas
  4 killer bees
 an acid blob
  3 coyotes
  a gas spore
  2 hobbits
  2 manes
  2 large kobolds
  3 hobgoblins
  5 cave spiders
  4 brown molds
  2 yellow molds
  3 green molds
  2 red molds
  3 gnomes
  2 garter snakes
  a gnome zombie
  4 geckos
  5 jackals
  a goblin
  a sewer rat
  7 grid bugs
  2 bats
  4 lichens
  2 kobold zombies
  6 newts
134 creatures vanquished.

No species were genocided or became extinct.

Game over:
                       ----------
                      /          \
                     /    REST    \
                    /      IN      \
                   /     PEACE      \
                  /                  \
                  |   GdeVolpiano    |
                  |      38 Au       |
                  |   killed by a    |
                  |      quasit      |
                  |                  |
                  |                  |
                  |       2026       |
                 *|     *  *  *      | *
        _________)/\\_//(\/(/\)/\//\/|_)_______

Goodbye GdeVolpiano the Cavewoman...

You died in The Gnomish Mines on dungeon level 9 with 5515 points,
and 38 pieces of gold, after 7585 moves.
You were level 8 with a maximum of 73 hit points when you died.

